 Dungeon Crawl Stone Soup version 0.29.1-2-gbd0b4ee654 (webtiles) character file.

Game seed: 1922448826923427546

67 mortz the Ogre Mage (level 4, -3/42 HPs)
             Began as an Ogre Fire Elementalist on Nov 22, 2022.
             Slain by Terence
             ... wielding a +5 vorpal flail
              (5 damage)
             ... on level 3 of the Dungeon.
             The game lasted 00:09:28 (2157 turns).

mortz the Ogre Mage (Ogre Fire Elementalist)        Turns: 2157, Time: 00:09:28

Health: -3/42      AC: 10    Str: 12    XL:     4   Next: 18%
Magic:  0/8        EV:  9    Int: 18    God:
Gold:   86         SH:  0    Dex:  9    Spells: 6/9 levels left

rFire   . . .      SeeInvis .   l - +2 dagger (protect)
rCold   . . .      Faith    .   (no shield)
rNeg    . . .      Spirit   .   a - +0 robe
rPois   .          Reflect  .   (helmet restricted)
rElec   .          Harm     .   (no cloak)
rCorr   .          Rampage  .   (gloves unavailable)
Will    .....                   (boots unavailable)
Stlth   +.........              (no amulet)
HPRegen 0.14/turn               (no ring)
MPRegen 0.11/turn               (no ring)

@: under a protective aura
A: large, unfitting armour, tough skin 1
a: no special abilities


You were on level 3 of the Dungeon.
You visited 1 branch of the dungeon, and saw 3 of its levels.

You collected 86 gold pieces.

Inventory:

Hand Weapons
 c - a +0 club
 g - a +0 short sword
 j - a +1 dagger of venom
 l - a +2 dagger of protection (weapon)
Missiles
 f - 16 stones
 m - 3 javelins
Armour
 a - a +0 robe (worn)
Scrolls
 h - 3 scrolls of identify {unknown}
 k - a scroll of summoning {unknown}
 o - a scroll of teleportation {unknown}
 p - a scroll of magic mapping {unknown}
 s - a scroll of amnesia {unknown}
 t - a scroll of enchant armour {unknown}
Potions
 b - a potion of magic
 d - a potion of lignification {unknown}
 e - 4 potions of might {unknown}
 i - a potion of degeneration {unknown}
 n - 2 potions of heal wounds {unknown}
 q - a potion of berserk rage {unknown}
 r - a potion of mutation {unknown}


   Skills:
 + Level 2.2 Fighting
 - Level 1.7 Dodging
 - Level 1.4 Stealth
 + Level 3.2 Spellcasting
 + Level 1.8 Conjurations
 + Level 3.2 Fire Magic


You had 6 spell levels left.
You knew the following spells:

 Your Spells              Type           Power      Damage    Failure   Level
a - Foxfire               Conj/Fire      48%        2x1d6     5%          1
b - Scorch                Fire           28%        2d6       6%          2

Your spell library contained the following spells:

 Spells                   Type           Power      Damage    Failure   Level
 Sandblast                Erth           4%         2d4       16%         1
 Conjure Flame            Conj/Fire      12%        6-21      17%         3
 Passwall                 Tmut/Erth      1%         N/A       24%         2
 Inner Flame              Hex/Fire       8%         N/A       26%         3
 Stone Arrow              Conj/Erth      12%        3d7       32%         3
 Flame Wave               Conj/Fire      12%        2d6       50%         4
 Summon Lightning Spire   Summ/Air       2%         N/A       85%         4
 Storm Form               Tmut/Air       1%         N/A       100%        7
 Maxwell's Capacitive Co  Air            1%         ∞         100%        8


Dungeon Overview and Level Annotations

Branches:
Dungeon (3/15) Zot: 15843

Altars:

Annotations:
D:3 Terence


Innate Abilities, Weirdness & Mutations

You are too large for most types of armour.
You have tough skin. (AC +1)


Message History

Terence is severely wounded.
Terence barely misses you.
You hit Terence.
Terence is almost dead.
Terence barely misses you.
You hit Terence but do no damage.
Terence is almost dead.
You hit Terence.
Terence is almost dead.
Terence hits you with a +5 vorpal flail.
You closely miss Terence.
Terence is almost dead.
You barely miss Terence.
Terence is almost dead.
Terence hits you with a +5 vorpal flail.
You hit Terence but do no damage.
Terence is almost dead.
Terence hits you with a +5 vorpal flail.
* * * LOW HITPOINT WARNING * * *
You barely miss Terence.
Terence is almost dead.
Terence hits you with a +5 vorpal flail.
* * * LOW HITPOINT WARNING * * *
x2
Okay, then.
You hit Terence but do no damage.
Terence is almost dead.
Terence barely misses you.
You completely miss Terence.
Terence is almost dead.
Terence closely misses you.
You barely miss Terence.
Terence is almost dead.
Terence hits you with a +5 vorpal flail.
* * * LOW HITPOINT WARNING * * *
x2 You are too injured to fight recklessly!
Casting: Foxfire (safe; 5% risk of failure)
Press: ? - help, Q - select action, (/) - cycle Dir - look around, f - activate You conjure some foxfire!
Terence hits you with a +5 vorpal flail.
You die...

#.# .. #.....##....# #
.......#####†##
##.###......#.....# #
..###........##..# #.
............###.#
...##.....###.#.# #.##
.....##.####.#.###..#
....(.......v...##..#
#......@@.#..#..#
#......v..##....#
#.##......####..#
#§####...#####..#
v...........##..####..#
@..######..#.##........#
#... ##...##.#.#..#.#
.... # ##..##.#.#..#
#.##. #...#..........#


You could see Terence (ally target).

Vanquished Creatures
  4 adders
  A ball python (D:1)
  4 endoplasms
  A giant cockroach (D:2)
  2 goblins
  5 hobgoblins
  4 kobolds
  A quokka (D:2)
  3 bats
  6 frilled lizards
31 creatures vanquished.

Vanquished Creatures (others)
  77 foxfires
77 creatures vanquished.

Grand Total: 108 creatures vanquished

Notes
Turn   | Place    | Note
-------+----------+-------------------------------------------
     0 | D:1      | mortz the Ogre Fire Elementalist began the quest for the
                  | Orb.
     0 | D:1      | Reached XP level 1. HP: 16/16 MP: 3/3
    18 | D:1      | Reached skill level 1 in Conjurations
   148 | D:1      | Reached XP level 2. HP: 26/26 MP: 3/5
   259 | D:1      | Reached skill level 1 in Fighting
   706 | D:1      | Learned a level 2 spell: Scorch
   860 | D:2      | Reached XP level 3. HP: 24/33 MP: 2/7
  1930 | D:3      | Reached XP level 4. HP: 42/42 MP: 3/8
  2124 | D:3      | Noticed Terence
  2156 | D:3      | HP: 2/42 [Terence/+5 vorpal flail (2)]
  2157 | D:3      | Slain by Terence

Illustrated notes

Levels and vault maps discovered:
D:1:      dpeg_arrival_boxes_within_box, layout_rooms
D:2:      layout_basic, serial_glass, glass_columns_a, glass_columns_a
D:3:      layout_rooms, uniq_crazy_yiuf_cottage, uniq_terence

Skill      XL: |  1  2  3 |
---------------+----------+-----
Conjurations   | 1 |  1.8
Fighting       | 1 2 |  2.2
Fire Magic     | 3 |  3.2
Spellcasting   | 3 |  3.2
Dodging        | |  1.7
Stealth        | |  1.4

Action                   |  1- 3 |  4- 6 || total
-------------------------+-------+-------++-------
Melee: Dagger            |     8 |    17 ||    25
 Cast: Foxfire           |    41 |     7 ||    48
       Scorch            |       |     2 ||     2
Armor: Robe              |     2 |     3 ||     5
Dodge: Dodged            |     6 |     7 ||    13
